 Dungeon Crawl Stone Soup version 0.30-a0-335-ge5acde7520 (webtiles) character file.

Game seed: 15815861597897309821

675 gruber the Destroyer (level 7, -13/36 HPs)
             Began as a Deep Elf Conjurer on Oct 30, 2022.
             Mangled by an ogre
             ... wielding a +0 giant spiked club
              (15 damage)
             ... on level 5 of the Dungeon.
             The game lasted 00:02:34 (4348 turns).

gruber the Destroyer (Deep Elf Conjurer)            Turns: 4348, Time: 00:02:35

Health: -13/36     AC:  4    Str:  4    XL:     7   Next: 33%
Magic:  11/19      EV: 12    Int: 25    God:
Gold:   304        SH:  0    Dex: 13    Spells: 12/19 levels left

rFire   . . .      SeeInvis .    d - +2 short sword (flame)
rCold   . . .      Faith    .    (no shield)
rNeg    + . .      Spirit   .    k - +2 robe {rN+}
rPois   .          Reflect  .    (no helmet)
rElec   .          Harm     .    (no cloak)
rCorr   +          Rampage  .    (no gloves)
Will    .....                    (no boots)
Stlth   ++........               (no amulet)
HPRegen 0.26/turn                l - ring of resist corrosion
MPRegen 0.16/turn                (no ring)

@: no status effects
A: no striking features
a: no special abilities


You were on level 5 of the Dungeon.
You visited 1 branch of the dungeon, and saw 5 of its levels.

You collected 304 gold pieces.

Inventory:

Hand Weapons
 d - a +2 short sword of flaming (weapon)
Armour
 k - a +2 robe of positive energy (worn)
Jewellery
 l - a ring of resist corrosion (left hand)
Scrolls
 a - a scroll of enchant weapon {unknown}
 e - a scroll of poison {unknown}
 f - 2 scrolls of blinking {unknown}
 g - 4 scrolls of magic mapping {unknown}
 h - 3 scrolls of noise {unknown}
 i - a scroll of silence {unknown}
 j - 2 scrolls of teleportation {unknown}
 q - 5 scrolls of identify {unknown}
Potions
 b - a potion of magic
 c - a potion of curing
 m - a potion of degeneration {unknown}
 n - a potion of ambrosia {unknown}
 o - a potion of resistance {unknown}
 p - a potion of flight {unknown}
 r - 2 potions of mutation {unknown}


   Skills:
 - Level 2.4 Dodging
 - Level 2.4 Stealth
 + Level 6.6 Spellcasting
 * Level 8.5 Conjurations


You had 12 spell levels left.
You knew the following spells:

 Your Spells              Type           Power      Damage    Failure   Level
a - Magic Dart            Conj           100%       1d8       1%          1
b - Searing Ray           Conj           100%       2d8       1%          2
c - Iskenderun's Mystic   Conj/Tloc      29%        2d7       12%         4

Your spell library contained the following spells:

 Spells                   Type           Power      Damage    Failure   Level
 Dazzling Flash           Conj/Hex       58%        N/A       3%          3
 Apportation              Tloc           16%        N/A       7%          1
 Fulminant Prism          Conj/Hex       14%        3d9       12%         4
 Portal Projectile        Hex/Tloc       16%        N/A       21%         3
 Tukima's Dance           Hex            8%         N/A       21%         3
 Alistair's Intoxication  Tmut/Pois      5%         N/A       88%         5
 Blade Hands              Tmut           4%         N/A       88%         5


Dungeon Overview and Level Annotations

Branches:
Dungeon (5/15)
 Temple: D:4-7

Altars:
The Shining One


Message History

(Press . to maintain the ray.)
You hear a shout!
A centaur comes into view.
The searing ray hits the ufetubus.
The ufetubus is severely wounded.
The ufetubus misses you. The ufetubus hits you.
The centaur wields a +0 shortbow.
The centaur shoots an arrow.
The arrow barely misses you.
The searing ray hits the ufetubus!
You kill the ufetubus!
An ogre comes into view. It is wielding a +0 giant spiked club.
Unknown command.
The ogre shouts!
The centaur shoots an arrow.
The arrow hits you.
The centaur shoots an arrow.
The arrow hits you!
The centaur shoots an arrow.
The arrow hits you!
* * * LOW HITPOINT WARNING * * *
The centaur shoots an arrow.
The arrow misses you.
Casting: Searing Ray (safe; 1% risk of failure)
Confirm with . or Enter, or press ? or * to list all spells.
Aiming: Searing Ray (safe; 1% risk of failure)
Press: ? - help, Shift-Dir - straight line The searing ray misses the ogre. (Press . to maintain the ray.) Unknown command.
The searing ray hits the ogre!
The ogre is moderately wounded.
The ogre hits you with a +0 giant spiked club!
* * * LOW HITPOINT WARNING * * *
The searing ray hits the ogre.
The ogre is moderately wounded.
The searing ray hits the centaur.
The centaur is moderately wounded.
The searing ray hits the ogre!
The ogre is severely wounded.
The searing ray hits the centaur!
The centaur is severely wounded.
You finish channelling your searing ray.
The ogre hits you with a +0 giant spiked club!
You die...

## .# .# ### ##.# #......#
#.. #..# +......# #.# #..#
# #......# #.####.[#.#.##
###......#####.#@##........
..#......#.....#.O.......##
..+......+.......c.......#
###......##.####...........
###..######.####.......####
.........................
####.##.###.####.......###
#.......#.# #.........
######..#.#####...##.#.


You could see an ogre and a centaur.

Vanquished Creatures
  A black bear (D:5)
  An ogre (D:4)
  A phantom (D:5)
  A bullfrog (D:4)
  A scorpion (D:4)
  3 hounds (D:5)
  Terence (D:3)
  An iguana (D:5)
  An orc wizard (D:5)
  A hound zombie (D:3)
  5 adders
  An ufetubus (D:5)
  2 adder skeletons (D:3)
  3 worms
  2 dart slugs
  4 orcs
  5 bats
  7 endoplasms
  A giant cockroach (D:1)
  5 goblins
  5 hobgoblins
  4 kobolds
  5 quokkas
  3 ball pythons
  2 frilled lizards
  A jackal zombie (D:3)
  3 rats (D:1)
70 creatures vanquished.

Notes
Turn   | Place    | Note
-------+----------+-------------------------------------------
     0 | D:1      | gruber the Deep Elf Conjurer began the quest for the Orb.
     0 | D:1      | Reached XP level 1. HP: 10/10 MP: 6/6
   363 | D:1      | Found a faded altar of an unknown god.
   527 | D:1      | Reached XP level 2. HP: 15/15 MP: 1/8
   779 | D:1      | Reached skill level 5 in Conjurations
  1277 | D:2      | Reached XP level 3. HP: 19/19 MP: 6/9
  1602 | D:2      | You fall into a shaft and drop 2 floors!
  1877 | D:3      | Reached XP level 4. HP: 24/24 MP: 9/11
  2045 | D:3      | Reached skill level 6 in Conjurations
  2630 | D:3      | Noticed Terence
  2650 | D:3      | Killed Terence
  2894 | D:4      | Found a glowing golden altar of the Shining One.
  2951 | D:4      | Reached XP level 5. HP: 28/28 MP: 8/13
  2954 | D:4      | Learned a level 2 spell: Searing Ray
  2959 | D:4      | Learned a level 4 spell: Iskenderun's Mystic Blast
  3246 | D:4      | Noticed an ogre
  3252 | D:4      | Reached skill level 5 in Spellcasting
  3252 | D:4      | Reached skill level 7 in Conjurations
  3252 | D:4      | Reached XP level 6. HP: 31/32 MP: 7/15
  3536 | D:5      | Entered Level 5 of the Dungeon
  3776 | D:5      | Reached skill level 8 in Conjurations
  3776 | D:5      | Reached XP level 7. HP: 36/36 MP: 6/18
  4346 | D:5      | HP: 1/36 [ogre/+0 giant spiked club (10)]
  4348 | D:5      | Mangled by an ogre

Illustrated notes

Levels and vault maps discovered:
D:1:      dpeg_arrival_chambers_temple_mockup, layout_loops_ring,
          shapermc_ecumenical_altar_gd
D:2:      layout_rooms
D:3:      layout_basic, serial_undead, serial_undead_a, serial_undead_b,
          serial_undead_e, serial_undead_e, serial_undead_f, serial_undead_f,
          uniq_terence
D:4:      layout_basic, mainiacjoe_overflow_small_starburst,
          minmay_misc_feat_roman, minmay_quantized
D:5:      layout_basic, gammafunk_temple_overflow_pools

Skill      XL: |  1  2  3  4  5  6 |
---------------+-------------------+-----
Conjurations   | 5 6 7 8 |  8.5
Spellcasting   | 4 5 6 |  6.6
Dodging        | |  2.4
Stealth        | |  2.4

Action                   |  1- 3 |  4- 6 |  7- 9 || total
-------------------------+-------+-------+-------++-------
Melee: Short sword       |     1 |     9 |       ||    10
 Cast: Magic Dart        |    70 |    93 |     4 ||   167
       Searing Ray       |       |     5 |     4 ||     9
  Use: Potion            |       |     3 |       ||     3
 Stab: Sleeping          |       |     1 |       ||     1
Armor: Robe              |     2 |     1 |       ||     3
Dodge: Dodged            |     2 |    17 |     3 ||    22

Table legend: (Time is in decaauts)
 A = Elapsed time spent in this place.
 B = Non-inter-level travel time spent in this place.
 C = Inter-level travel time spent in this place.
 D = Time resting spent in this place.
 E = Time spent auto-exploring this place.
 F = Levels seen in this place.
 G = Mean time per level.
                   A        B        C        D        E       F      G
               +--------+--------+--------+--------+--------+-----+--------+
         Total |   4327 |   4196 |    131 |      0 |   3817 |   5 |  865.4 |
       Dungeon |   4327 |   4196 |    131 |      0 |   3817 |   5 |  865.4 |
               +--------+--------+--------+--------+--------+-----+--------+

Top non-repeatable levels by time:
     D:1: 1166 daAuts
     D:4: 1033 daAuts
     D:5: 811 daAuts
     D:3: 665 daAuts
     D:2: 649 daAuts
